 Dungeon Crawl Stone Soup version 0.28-a0-1395-g4f6bc678fa (webtiles) character file.

Game seed: 881986750298046074

543 Deminshera the Conjurer (level 7, -11/52 HPs)
             Began as a Demonspawn Wanderer on Jan 4, 2022.
             Was a Follower of Makhleb.
             Killed from afar by an oklob sapling (23 damage)
             ... with a splash of acid
             ... on level 4 of the Dungeon.
             The game lasted 00:07:23 (5668 turns).

Deminshera the Conjurer (Demonspawn Wanderer)       Turns: 5668, Time: 00:07:24

Health: -11/52     AC:  3    Str: 13    XL:     7   Next: 6%
Magic:  12/12      EV: 14    Int: 19    God:    Makhleb [*.....]
Gold:   96         SH:  4    Dex: 14    Spells: 9/13 levels left

rFire   . . .      SeeInvis .   k - +2 dagger (elec)
rCold   . . .      Faith    .   (no shield)
rNeg    . . .      Spirit   .   c - +0 leather armour
rPois   .          Reflect  .   p - +2 helmet
rElec   .          Harm     .   (no cloak)
rCorr   .          Rampage  .   d - +0 pair of gloves
Will    .....                   (no boots)
Stlth   +.........              (no amulet)
HPRegen 0.17/turn               g - +6 ring of intelligence
MPRegen 0.13/turn               l - +4 ring of evasion

@: corroded
A: hooves 1, large bone plates 1, powered by pain 2
a: Renounce Religion


You were on level 4 of the Dungeon.
You worshipped Makhleb.
Makhleb was aware of your devotion.
You visited 1 branch of the dungeon, and saw 4 of its levels.

You collected 96 gold pieces.

Inventory:

Hand Weapons
 a - a +2 mace
 k - a +2 dagger of electrocution (weapon)
Armour
 c - a +0 leather armour (worn)
 d - a +0 pair of gloves (worn)
 p - a +2 helmet (worn)
Jewellery
 g - a +6 ring of intelligence (left hand)
 l - a +4 ring of evasion (right hand)
Wands
 b - a wand of polymorph (9)
 u - a wand of flame (15)
Scrolls
 e - a scroll of silence {unknown}
 f - 4 scrolls of enchant weapon {unknown}
 i - 3 scrolls of fog {unknown}
 j - a scroll of vulnerability {unknown}
 n - a scroll of amnesia {unknown}
 q - a scroll of torment {unknown}
 s - a scroll of magic mapping {unknown}
 v - a scroll of noise {unknown}
Potions
 h - a potion of heal wounds {unknown}
 m - a potion of invisibility {unknown}
 o - 3 potions of curing {unknown}
 r - 3 potions of cancellation {unknown}
 t - a potion of lignification {unknown}


   Skills:
 + Level 3.3 Fighting
 - Level 3.0 Maces & Flails
 - Level 1.0 Stealth
 + Level 3.8 Spellcasting
 - Level 5.0 Conjurations
 - Level 3.0 Air Magic


You had 9 spell levels left.
You knew the following spells:

 Your Spells              Type           Power      Damage    Failure   Level
a - Searing Ray           Conj           44%        2d6       3%          2
b - Static Discharge      Conj/Air       18%        N/A       5%          2

Your spell library contained the following spells:

 Spells                   Type           Power      Damage    Failure   Level
 Ozocubu's Armour         Ice            3%         N/A       47%         3
 Ozocubu's Refrigeration  Ice            1%         4d5       100%        7


Dungeon Overview and Level Annotations

Branches:
Dungeon (4/15)             Temple (0/1) D:4

Altars:
Hepliaklqana
Makhleb
Uskayaw

Annotations:
D:4 1 transporter, exclusion: oklob sapling, balagan2's ghost, amateur DsGl


Innate Abilities, Weirdness & Mutations

You have large cloven feet.
You are partially covered in large bone plates. (SH +4)
You sometimes gain power by taking damage.


Message History

Press: ? - help, Shift-Dir - straight line, f/p - oklob sapling
Aim: an oklob sapling (moderately damaged, 100% to hit)
The puff of flame hits the oklob sapling.
The oklob sapling is moderately damaged.
Aiming: Throw Flame
Press: ? - help, Shift-Dir - straight line, f/p - oklob sapling
Aim: an oklob sapling (moderately damaged, 100% to hit)
The puff of flame hits the oklob sapling.
The oklob sapling is heavily damaged.
Aiming: Throw Flame
Press: ? - help, Shift-Dir - straight line, f/p - oklob sapling
Aim: an oklob sapling (heavily damaged, 100% to hit)
The puff of flame hits the oklob sapling but does no damage.
The oklob sapling is heavily damaged.
Aiming: Throw Flame
Press: ? - help, Shift-Dir - straight line, f/p - oklob sapling
Aim: an oklob sapling (heavily damaged, 100% to hit)
The puff of flame hits the oklob sapling.
The oklob sapling is severely damaged.
Aiming: Throw Flame
Press: ? - help, Shift-Dir - straight line, f/p - oklob sapling
Aim: an oklob sapling (severely damaged, 100% to hit)
The puff of flame hits the oklob sapling.
The oklob sapling is severely damaged.
The oklob sapling spits acid at you. The splash of acid hits you!!
* * * LOW HITPOINT WARNING * * *
Aiming: Throw Flame
Press: ? - help, Shift-Dir - straight line, f/p - oklob sapling
Aim: an oklob sapling (severely damaged, 100% to hit)
The puff of flame hits the oklob sapling.
The oklob sapling is severely damaged.
Aiming: Throw Flame
Press: ? - help, Shift-Dir - straight line, f/p - oklob sapling
Aim: an oklob sapling (severely damaged, 100% to hit)
The puff of flame hits the oklob sapling but does no damage.
The oklob sapling is severely damaged.
The oklob sapling spits acid at you. The splash of acid hits you!!
You die...

P...... #.....###
.....P. #........
P.....P #........
...>P.P #....###.
.P..... ###.††## .
P.P.P..#######......####
....P.........)...†)....
#.####...##(#.###.
#@####........# #.
#.##....<..##.###.
#.##.#....#.#.....
#.##.#.....#..####
#.........###.#
####.####..#.###
#..###.......#
#............#
##.####.......#


You could see an oklob sapling.

Vanquished Creatures
  Edmund (D:4)
  A black bear (D:4)
  2 scorpions
  Natasha (thrice) (D:3)
  An iguana (D:4)
  Robin (D:2)
  An adder (D:2)
  An ufetubus (D:4)
  4 dart slugs
  5 orcs (D:4)
  6 ball pythons
  3 bats
  4 endoplasms
  3 giant cockroaches
  12 hobgoblins
  6 jackals
  9 kobolds
  A quokka (D:3)
  3 frilled lizards
  10 goblins
  7 rats
84 creatures vanquished.

Vanquished Creatures (others)
  16 plants (D:4)
16 creatures vanquished.

Grand Total: 100 creatures vanquished

Notes
Turn   | Place    | Note
-------+----------+-------------------------------------------
     0 | D:1      | Deminshera the Demonspawn Wanderer began the quest for the
                  | Orb.
     0 | D:1      | Deminshera set off with the following items: a +2 mace, a
                  | +0 helmet, a +0 leather armour; and the following spells
                  | available to memorise: Searing Ray, Static Discharge
     0 | D:1      | Reached XP level 1. HP: 15/15 MP: 3/3
   392 | D:1      | Gained mutation: You sometimes gain a little power by
                  | taking damage. [demonic ancestry]
   392 | D:1      | Reached XP level 2. HP: 15/21 MP: 5/5
   395 | D:1      | Learned a level 2 spell: Searing Ray
   864 | D:1      | Found a faded altar of an unknown god.
  1671 | D:2      | Noticed a scorpion
  1680 | D:2      | Killed a scorpion
  1681 | D:2      | Gained mutation: You have large cloven feet. [demonic
                  | ancestry]
  1681 | D:2      | Reached XP level 3. HP: 18/27 MP: 0/7
  1681 | D:2      | Reached XP level 4. HP: 22/33 MP: 0/8
  2229 | D:2      | Reached skill level 4 in Conjurations
  2232 | D:2      | Learned a level 2 spell: Static Discharge
  2606 | D:2      | Found a burning altar of Makhleb.
  2614 | D:2      | Became a worshipper of Makhleb the Destroyer
  3005 | D:3      | Noticed Robin
  3032 | D:3      | Noticed Natasha
  3047 | D:2      | Killed Robin
  3048 | D:2      | Reached skill level 1 in Air Magic
  3270 | D:3      | Killed Natasha
  3271 | D:3      | Gained mutation: You sometimes gain power by taking damage.
                  | [demonic ancestry]
  3271 | D:3      | Reached XP level 5. HP: 25/38 MP: 2/9
  3449 | D:3      | Noticed Natasha
  3615 | D:3      | Killed Natasha
  3684 | D:3      | Noticed Natasha
  3691 | D:3      | Killed Natasha
  4020 | D:3      | Reached * piety under Makhleb
  4188 | D:3      | Found a hide-covered altar of Uskayaw.
  4299 | D:4      | Noticed a black bear
  4304 | D:4      | Killed a black bear
  4305 | D:4      | Reached skill level 5 in Conjurations
  4305 | D:4      | Gained mutation: You are partially covered in large bone
                  | plates. (SH +4) [demonic ancestry]
  4305 | D:4      | Reached XP level 6. HP: 35/44 MP: 2/10
  4401 | D:4      | Found a transporter.
  4406 | D:4      | Noticed a small abomination
  4414 | D:4      | Noticed Edmund
  4423 | D:4      | Killed Edmund
  4571 | D:4      | Noticed a toenail golem
  4573 | D:4      | Noticed balagan2's ghost (amateur DsGl)
  4580 | D:4      | Noticed a small abomination
  4657 | D:4      | Reached XP level 7. HP: 30/52 MP: 3/12
  5041 | D:4      | Found a hazy altar of Hepliaklqana.
  5121 | D:4      | Found a staircase to the Ecumenical Temple.
  5668 | D:4      | Killed from afar by an oklob sapling

Illustrated notes

Levels and vault maps discovered:
D:1:      minmay_arrival_open_corners, layout_basic,
          shapermc_ecumenical_altar_ellora
D:2:      layout_basic, basic_altar
D:3:      layout_rooms, mainiacjoe_overflow_cross_hatched, uniq_robin,
          uniq_natasha
D:4:      layout_loops_cross, mainiacjoe_overflow_tiny_flanked,
          minmay_temple_entry_oklob, gammafunk_ghost_abyssal_escape,
          minmay_misc_feat_columns, minmay_crossroads, uniq_edmund

Skill      XL: |  1  2  3  4  5  6 |
---------------+-------------------+-----
Maces & Flails | 3 |  3.0
Spellcasting   | 3 |  3.8
Conjurations   | 4 5 |  5.0
Air Magic      | 1 2 3 |  3.0
Fighting       | 2 3 |  3.3
Stealth        | |  1.0

Action                   |  1- 3 |  4- 6 |  7- 9 || total
-------------------------+-------+-------+-------++-------
Melee: Mace              |    13 |       |       ||    13
       Short sword       |     6 |       |       ||     6
       Dagger            |     4 |    72 |     9 ||    85
       Kick              |       |    12 |     1 ||    13
       Unarmed           |       |     5 |       ||     5
 Cast: Searing Ray       |    11 |     6 |     3 ||    20
       Static Discharge  |       |    29 |     8 ||    37
Evoke: Wand              |       |       |     9 ||     9
 Stab: Sleeping          |       |     2 |       ||     2
Armor: Leather armour    |    12 |    34 |     4 ||    50
Dodge: Dodged            |    17 |    85 |    22 ||   124
Block: Other             |       |     2 |     1 ||     3

Table legend: (Time is in decaauts)
 A = Elapsed time spent in this place.
 B = Non-inter-level travel time spent in this place.
 C = Inter-level travel time spent in this place.
 D = Time resting spent in this place.
 E = Time spent auto-exploring this place.
 F = Levels seen in this place.
 G = Mean time per level.
                   A        B        C        D        E       F      G
               +--------+--------+--------+--------+--------+-----+--------+
         Total |   5677 |   5599 |     78 |   2646 |   2382 |   4 | 1419.2 |
       Dungeon |   5677 |   5599 |     78 |   2646 |   2382 |   4 | 1419.2 |
               +--------+--------+--------+--------+--------+-----+--------+

Top non-repeatable levels by time:
     D:1: 1656 daAuts
     D:2: 1653 daAuts
     D:4: 1402 daAuts
     D:3: 965 daAuts
